 Dungeon Crawl Stone Soup version 0.28-a0-95-g65e1ffefe4 (webtiles) character file.

Game seed: 9469899124366258658

14 Anathary the Skirmisher (level 2, 0/19 HPs)
             Began as a Gargoyle Monk on Aug 8, 2021.
             Frozen to death by an endoplasm (5 damage)
             ... on level 1 of the Dungeon.
             The game lasted 00:01:09 (354 turns).

Anathary the Skirmisher (Gargoyle Monk)              Turns: 354, Time: 00:01:10

Health: 0/19       AC:  7    Str: 14    XL:     2   Next: 45%
Magic:  2/2        EV: 12    Int: 10    God:
Gold:   6          SH:  0    Dex: 12    Spells: 1/1 levels left

rFire   . . .      SeeInvis .     - Unarmed
rCold   . . .      Faith    .   (no shield)
rNeg    + . .      Spirit   .   a - +0 robe
rPois   ∞          Reflect  .   (no helmet)
rElec   +          Harm     .   (no cloak)
rCorr   .          Rampage  .   (no gloves)
Will    .....                   b - +2 pair of boots
Stlth   ++........              (no amulet)
HPRegen 0.06/turn               (no ring)
MPRegen 0.08/turn               (no ring)

@: no status effects
A: sickness immunity, AC +2, negative energy resistance 1, electricity
resistance, torment resistance 1, petrification resistance
a: no special abilities


You were on level 1 of the Dungeon.
You visited 1 branch of the dungeon, and saw 1 of its levels.

You collected 6 gold pieces.

Inventory:

Armour
 a - a +0 robe (worn)
 b - a +2 pair of boots (worn)


   Skills:
 + Level 3.4 Fighting
 + Level 2.6 Dodging
 + Level 2.3 Stealth
 + Level 3.3 Unarmed Combat


You had one spell level left.
You didn't know any spells.
Your spell library was empty.

Dungeon Overview and Level Annotations

Branches:
Dungeon (1/15)

Altars:


Innate Abilities, Weirdness & Mutations

You are immune to sickness and miasma.
Your stone body is resilient. (AC +2)
You are immune to poison.
You resist negative energy. (rN+)
You are resistant to electric shocks. (rElec)
You are resistant to unholy torment.
You are immune to petrification.


Message History

The quokka bites you but does no damage.
You hit the quokka but do no damage. The quokka bites you.
You hit the quokka.
The quokka is moderately wounded.
The quokka closely misses you.
You hit the quokka.
The quokka is heavily wounded.
The quokka misses you.
You closely miss the quokka.
The quokka is heavily wounded.
The quokka bites you but does no damage. x2
You closely miss the quokka.
The quokka is heavily wounded.
The quokka bites you but does no damage.
You closely miss the quokka.
The quokka is moderately wounded.
The quokka barely misses you. The quokka misses you.
You miss the quokka.
The quokka is moderately wounded.
The quokka bites you.
You hit the quokka.
You kill the quokka!
You hit the ball python.
The ball python is moderately wounded.
The ball python bites you but does no damage.
The ball python grabs you. The ball python constricts you.
You hit the ball python.
You kill the ball python!
You barely miss the ball python.
The ball python bites you but does no damage.
The ball python grabs you. The ball python constricts you.
The ball python closely misses you. The ball python constricts you.
You hit the ball python.
You kill the ball python!
You hit the endoplasm but do no damage. The endoplasm hits you.
* * * LOW HITPOINT WARNING * * *
You hit the endoplasm but do no damage. The endoplasm freezes you.
You are frozen.
You die...

......#)## #.# #.##.. #..#
.........# #.# #...##..##..#
......#..# #.# #... #.. ..#
....###..# #.# #.# #. #.##
#...# #..# #.# #.# #.##..
##.## #..# #.# #.# .... #.#
#..# #.# #.# ##.####### #.#
#..#####.####.####.........
#.#
##.........@J........)......
#.#
#..[......#########.........
#.# #.####.#### .......l...
#..... #.# #.#.........
###### #.# #.#......... #.#
# #.....J.$. #.# #..##.....
... #..# ##### ...


You could see an endoplasm.

Vanquished Creatures
  A hobgoblin (D:1)
  5 jackals (D:1)
  A quokka (D:1)
  2 ball pythons (D:1)
  A frilled lizard (D:1)
  2 goblins (D:1)
12 creatures vanquished.

Notes
Turn   | Place    | Note
-------+----------+-------------------------------------------
     0 | D:1      | Anathary the Gargoyle Monk began the quest for the Orb.
     0 | D:1      | Reached XP level 1. HP: 14/14 MP: 1/1
   284 | D:1      | Reached XP level 2. HP: 18/19 MP: 2/2
   354 | D:1      | Frozen to death by an endoplasm

Illustrated notes

Levels and vault maps discovered:
D:1:      lightli_iron_boxes, layout_loops_ring

Action                   || total
-------------------------++-------
Melee: Unarmed           ||    56
       Punch             ||     1
 Stab: Sleeping          ||     2
Armor: Robe              ||    26
Dodge: Dodged            ||    35

Table legend: (Time is in decaauts)
 A = Elapsed time spent in this place.
 B = Non-inter-level travel time spent in this place.
 C = Inter-level travel time spent in this place.
 D = Time resting spent in this place.
 E = Time spent auto-exploring this place.
 F = Levels seen in this place.
 G = Mean time per level.
                   A        B        C        D        E       F      G
               +--------+--------+--------+--------+--------+-----+--------+
         Total |    351 |    351 |      0 |    161 |     83 |   1 |  351.0 |
       Dungeon |    351 |    351 |      0 |    161 |     83 |   1 |  351.0 |
               +--------+--------+--------+--------+--------+-----+--------+

Top non-repeatable levels by time:
     D:1: 351 daAuts
